Map: Automaton LE

Players

Lambo - Winner!

  • Race: Zerg Zerg
  • League: Grandmaster
  • Spawn Location: 3:00

Geralt (Gerald)

  • Race: Protoss Protoss
  • League: Grandmaster
  • Spawn Location: 9:00

VOD

Have the link to the VOD?

Description

Time

  • Played on: Jan. 10, 2019, 3:46 p.m.
  • Length: 12:18
Show
View Real Time Build Order
Export as new Build Order

Lambo Zerg - Winner!

Build Orders: Hatch First 

Get SALT Encoding   

  12  0:01  Drone  
  13  0:12  Overlord  
  13  0:18  Drone  
  14  0:31  Drone  
  14  0:32  Drone  
  16  0:38  Drone  
  17  0:52  Hatchery  
  17  0:56  Drone  
  17  0:59  Drone  
  18  1:11  Extractor  
  17  1:14  Spawning Pool  
  17  1:18  Drone  
  17  1:21  Drone  
  18  1:28  Drone  
  19  1:39  Drone  
  20  1:50  Overlord  
  20  2:03  Queen  
  20  2:04  Queen  
  20  2:05  Zergling x2  
  20  2:06  Drone  
  26  2:10  Metabolic Boost  
  26  2:13  Drone  
  26  2:15  Drone  
  28  2:22  Zergling x2  
  29  2:35  Hatchery  
  28  2:40  Drone  
  28  2:43  Drone  
  30  2:49  Queen  
  32  2:52  Overlord  
  32  2:54  Drone  
  32  2:57  Drone  
  34  3:03  Drone  
  35  3:13  Drone x2  
  35  3:15  Drone x2  
  35  3:16  Overlord  
  39  3:23  Drone x2  
  39  3:24  Drone  
  40  3:31  Queen  
  40  3:33  Drone  
  40  3:34  Spore Crawler  
  42  3:35  Drone  
  42  3:40  Spore Crawler  
  42  3:43  Drone x2  
  44  3:48  Drone x2  
  44  3:50  Drone x2  
  44  3:52  Drone  
  44  3:53  Drone  
  50  3:59  Spore Crawler  
  48  4:03  Spore Crawler, Drone  
  48  4:06  Spore Crawler, Drone x2  
  48  4:09  Drone  
  50  4:11  Spore Crawler  
  50  4:13  Drone x2  
  50  4:14  Drone  
  50  4:15  Drone  
  55  4:20  Zergling x4  
  55  4:25  Drone x2  
  55  4:31  Overlord, Drone  
  57  4:38  Lair  
  57  4:42  Extractor  
  57  4:43  Roach Warren, Extractor  
  57  4:44  Drone  
  57  4:45  Drone  
  56  4:47  Overlord  
  56  4:52  Drone  
  56  4:54  Drone  
  56  4:57  Overlord  
  56  4:58  Drone x3  
  60  5:07  Queen  
  60  5:09  Drone x3  
  60  5:10  Overlord  
  60  5:13  Overlord, Evolution Chamber  
  64  5:19  Drone x3  
  64  5:20  Drone  
  64  5:21  Drone  
  68  5:22  Zergling x2  
  68  5:24  Drone  
  68  5:26  Drone  
  68  5:28  Drone  
  72  5:31  Drone  
  72  5:35  Zergling x8  
  77  5:39  Extractor, Zerg Missile Weapons Level 1  
  77  5:40  Extractor  
  75  5:43  Overlord, Zergling x4  
  75  5:44  Drone x2  
  75  5:47  Drone  
  75  5:48  Drone  
  75  5:49  Drone  
  79  5:51  Drone x2  
  81  5:58  Glial Reconstitution  
  81  6:01  Overlord  
  80  6:05  Overlord  
  80  6:07  Roach x2  
  80  6:08  Roach  
  80  6:10  Roach  
  88  6:17  Overlord x2  
  88  6:20  Overlord  
  88  6:23  Roach x3  
  94  6:27  Roach  
  94  6:28  Roach x4  
  103  6:35  Roach  
  103  6:37  Roach  
  103  6:38  Roach  
  106  6:49  Roach x4  
  106  6:50  Roach  
  106  6:51  Roach x2  
  120  6:58  Roach x3  
  126  7:05  Overlord  
  126  7:06  Overlord  
  120  7:11  Roach x3  
  117  7:18  Roach x5  
  126  7:26  Roach x2  
  126  7:27  Roach x3  
  126  7:28  Ravager x3  
  139  7:31  Roach  
  141  7:38  Roach x2  
  145  7:45  Overlord x2  
  145  7:47  Overlord  
  145  7:48  Overlord  
  145  7:52  Spire  
  145  7:57  Roach, Extractor  
  145  8:04  Roach  
  145  8:05  Roach x3  
  153  8:09  Zergling x4  
  130  8:26  Drone x9  
  125  8:33  Roach x2  
  118  9:00  Overlord  
  114  9:06  Drone x4  
  114  9:07  Drone  
  114  9:08  Mutalisk x4  
  121  9:12  Mutalisk, Hatchery  
  121  9:19  Mutalisk x2  
  121  9:23  Mutalisk  
  125  9:25  Drone  
  125  9:29  Mutalisk  
  128  9:32  Mutalisk  
  128  9:37  Mutalisk  
  131  9:42  Mutalisk  
  131  9:49  Mutalisk  
  133  9:55  Mutalisk  
  133  10:01  Drone x7  
  133  10:02  Drone  
  133  10:06  Mutalisk  
  141  10:08  Zerg Flyer Weapons Level 1  
  141  10:11  Extractor  
  141  10:12  Extractor  
  141  10:19  Mutalisk x2  
  145  10:24  Roach x4  
  145  10:27  Roach  
  153  10:31  Ravager  
  153  10:33  Roach x2  
  158  10:36  Roach x2  
  160  10:44  Roach x2  
  160  10:45  Roach  
  160  10:48  Ravager  
  165  10:52  Mutalisk  
  165  10:56  Drone x4  
  171  10:58  Mutalisk  
  173  11:05  Zergling x14  
  178  11:13  Roach x2  
  178  11:18  Roach x2  
  168  11:29  Drone x4  
  168  11:30  Drone  
  170  11:36  Mutalisk x3  
  170  11:51  Mutalisk x3  
  170  11:52  Mutalisk x2  
  178  11:57  Drone  
  178  12:00  Spore Crawler  
Show
View Real Time Build Order
Export as new Build Order

Geralt Protoss 

Build Orders: 1 Gate Expand, Oracle Opening 

Get SALT Encoding   

  12  0:00  Probe  
  13  0:13  Probe  
  14  0:19  Pylon  
  14  0:25  Probe  
  15  0:31  Assimilator  
  15  0:33  Probe  
  16  0:46  Gateway  
  16  0:47  Probe  
  17  1:00  Probe  
  18  1:15  Probe  
  19  1:28  Probe  
  20  1:36  Nexus  
  20  1:40  Cybernetics Core  
  20  1:43  Probe  
  21  1:48  Assimilator  
  21  1:55  Probe  
  21  1:58  Pylon  
  22  2:07  Probe, Adept  
  23  2:19  Probe  
  26  2:25  Stargate  
  26  2:27  Adept  
  26  2:31  Probe  
  29  2:39  Warp Gate  
  29  2:43  Probe  
  30  2:50  Probe  
  31  2:55  Probe  
  31  2:57  Adept  
  34  3:02  Probe  
  34  3:05  Oracle  
  35  3:07  Probe  
  35  3:09  Gateway  
  36  3:17  Probe  
  40  3:25  Probe  
  41  3:28  Adept  
  41  3:29  Probe  
  41  3:31  Pylon  
  41  3:34  Oracle  
  44  3:45  Probe  
  46  3:50  Probe, Pylon  
  47  3:57  Probe  
  49  4:02  Probe  
  49  4:09  Probe  
  50  4:11  Phoenix  
  50  4:15  Probe  
  50  4:16  Pylon  
  53  4:21  Probe  
  54  4:27  Probe  
  54  4:30  Twilight Council  
  54  4:31  Assimilator  
  51  4:33  Probe  
  51  4:35  Assimilator  
  51  4:37  Oracle  
  52  4:39  Probe  
  52  4:42  Gateway  
  52  4:43  Gateway  
  53  4:45  Probe  
  53  4:47  Resonating Glaives  
  53  4:51  Probe  
  59  5:06  Gateway  
  60  5:07  Gateway  
  60  5:10  Adept x2  
  61  5:22  Probe  
  61  5:38  Adept x4  
  61  5:40  Pylon  
  61  5:41  Pylon  
  69  5:43  Pylon  
  69  5:52  Nexus  
  69  5:53  Pylon  
  66  6:03  Adept x3  
  72  6:05  Adept  
  72  6:11  Adept x2  
  78  6:16  Robotics Facility  
  78  6:21  Robotics Facility  
  79  6:26  Adept x2  
  79  6:29  Adept  
  84  6:38  Probe  
  85  6:45  Probe  
  83  6:50  Probe  
  83  6:52  Nexus  
  84  7:00  Probe, Immortal  
  85  7:01  Immortal  
  85  7:05  Probe  
  95  7:15  Probe  
  95  7:27  Pylon  
  95  7:28  Pylon  
  95  7:36  Sentry x3  
  101  7:45  Immortal x2  
  101  7:46  Forge  
  101  7:47  Pylon  
  101  7:48  Probe, Pylon  
  106  8:02  Adept x4  
  110  8:16  Immortal  
  100  8:21  Adept x2  
  100  8:23  Immortal  
  90  8:27  Adept x4  
  85  8:34  Probe  
  85  8:38  Probe  
  87  8:42  Probe  
  87  8:46  Probe, Protoss Ground Weapons Level 1  
  87  8:48  Sentry x4  
  97  8:49  Immortal  
  97  8:50  Probe  
  102  8:57  Probe  
  102  8:58  Probe  
  102  9:01  Immortal  
  106  9:22  Probe  
  107  9:24  Gateway  
  107  9:26  Gateway  
  107  9:28  Assimilator  
  107  9:29  Assimilator  
  107  9:30  Adept x4  
  115  9:35  Pylon  
  115  9:36  Adept  
  117  9:41  Immortal  
  117  9:45  Colossus  
  117  9:52  Warp Prism  
  121  9:58  Adept x6  
  135  10:07  Phoenix  
  135  10:20  Observer  
  134  10:27  Phoenix, Stalker x2  
  134  10:28  Stalker x3  
  140  10:32  Stalker  
  124  10:45  Phoenix  
  123  10:54  Stalker x4  
  127  11:12  Probe  
  127  11:13  Probe  
  113  11:22  Probe  
  113  11:23  Stargate  
  113  11:24  Probe  
  113  11:25  Stargate, Probe  
  104  11:31  Immortal  
  86  11:33  Adept x3  
  86  11:34  Probe  
  86  11:36  Probe  
  86  11:45  Probe  
  86  11:46  Phoenix  
  77  11:50  Probe  
  70  12:01  Adept x6  
Tags
 
Add a new tag
Caveats
  • Supply blocks, unpowered buildings, or Contaminate may cause inaccurate times.
  • Supply counts are checked every 10 seconds.